Cogmind - Beta 17 @@@ ROGUE MODE // 2026.07.22 @ 21:53:02 Player: harambe Result: Destroyed by G-67 Veteran with Field Laser Performance ------------- Evolutions (6) 3000 Regions Visited (10) 2000 Robots Destroyed (49) 245 Value Destroyed (1224) 1224 Prototype IDs (5) 100 Alien Tech Used (0) 0 Bonus (8012) 8012 TOTAL SCORE: 14581 Bonus ------- Follower Combat Kills 262 Prayed to X0-1V1 5000 Major X0-1V1 Interference 1450 Entered DSFs 500 Registered with UFD 300 Met Optimus in HQ 500 Cogmind --------- Core Integrity 0/1000 Matter 300/300 Energy 100/100 System Corruption 0% Temperature Cool (9) Movement Core (1350) Ox26 Location -4/Factory Parts ------- > --- POWER (2) -------- (None) > --- PROPULSION (6) --- (None) > --- UTILITY (9) ------ Huge Storage Unit > --- WEAPON (3) ------- (None) > --- INVENTORY (25) --- Improved Ion Engine Neutrino Core Improved Treads Compact Wheel Cesium-ion Thruster Xenon Bombardment Thruster Xenon Bombardment Thruster Xenon Bombardment Thruster Large Storage Unit High-capacity Storage Unit High-capacity Battery (250) Large Matter Pod (150) Advanced Weight Redist. System Improved Targeting Computer Improved Shock Absorption System Hacking Suite Hacking Suite System Shield Long-range Proton Cannon Advanced Plasma Cannon Assault Cannon Enhanced Gauss Cannon Advanced EMP Blaster Greatsword Peak State ------------ > --- POWER ------------ Ion Engine Light Fission Core > --- PROPULSION ------- Light Treads Wheel Wheel Compact Wheel Compact Wheel Armored Wheel > --- UTILITY ---------- Scrap Suit Advanced Heat Sink Disposable Heat Sink Huge Storage Unit Improved Trap Scanner Hardened Light Armor Plating Improved Medium Armor Plating X0-1V1's Piety Tracker > --- WEAPON ----------- Heavy Particle Gun Heavy Particle Gun > --- INVENTORY -------- Improved Ion Engine Neutrino Core Improved Treads Compact Wheel Cesium-ion Thruster Xenon Bombardment Thruster Xenon Bombardment Thruster Xenon Bombardment Thruster Large Storage Unit High-capacity Storage Unit High-capacity Battery Large Matter Pod Advanced Weight Redist. System Improved Targeting Computer Improved Shock Absorption System Hacking Suite Hacking Suite System Shield Long-range Proton Cannon Advanced Plasma Cannon Assault Cannon Enhanced Gauss Cannon Advanced EMP Blaster Greatsword [Rating: 69] Favorites ----------- Power Cooled Ion Engine Engine Cooled Ion Engine Power Core Light Nuclear Core Propulsion Light Treads Treads Light Treads Leg Armored Leg Wheel Wheel Utility X0-1V1's Piety Tracker Device X0-1V1's Piety Tracker Storage Huge Storage Unit Protection Reflective Plating Weapon Heavy Particle Gun Energy Gun Heavy Particle Gun Ballistic Gun Light Assault Rifle Launcher Advanced EMP Blaster Special Weapon Mining Laser Build | -11 -10 -9 -8 -8 -8 -8 -6 -6 -5 -4 ------- Run | Yrd Mat Mat Mat Sto Rec Scr Fac DSF Fac Fac Slots Evolved 12 | . . 2 2 . . . 4 . 2 2 Power 1 | . . . . . . . 1 . . . Propulsion 4 | . . 1 1 . . . 1 . 1 . Utility 7 | . . 1 1 . . . 2 . 1 2 Weapon . | . . . . . . . . . . . Parts Attached 66 | 5 10 9 11 10 2 6 4 2 2 5 Power 7 | . 1 1 1 1 . 1 1 . . 1 Engine 4 | . 1 . 1 1 . . 1 . . . Core 3 | . . 1 . . . 1 . . . 1 Reactor . | . . . . . . . . . . . Propulsion 23 | 2 2 3 4 3 1 3 1 2 1 1 Treads 11 | 1 1 2 3 2 1 1 . . . . Leg 1 | . . . . . . . 1 . . . Wheel 11 | 1 1 1 1 1 . 2 . 2 1 1 Hover . | . . . . . . . . . . . Flight . | . . . . . . . . . . . Utility 24 | 2 4 5 3 2 . 2 2 . 1 3 Device 15 | 2 1 2 3 1 . 2 1 . 1 2 Storage 4 | . 2 2 . . . . . . . . Processor . | . . . . . . . . . . . Hackware . | . . . . . . . . . . . Protection 5 | . 1 1 . 1 . . 1 . . 1 Artifact . | . . . . . . . . . . . Weapon 12 | 1 3 . 3 4 1 . . . . . Energy Gun 7 | . 1 . 3 2 1 . . . . . Energy Cannon . | . . . . . . . . . . . Ballistic Gun 3 | 1 2 . . . . . . . . . Ballistic Cannon . | . . . . . . . . . . . Launcher 1 | . . . . 1 . . . . . . Special Weapon 1 | . . . . 1 . . . . . . Impact Weapon . | . . . . . . . . . . . Slashing Weapon . | . . . . . . . . . . . Piercing Weapon . | . . . . . . . . . . . Special Melee Weapon . | . . . . . . . . . . . Unidentified Prototypes 5 | . 1 . 1 3 . . . . . . Parts Lost 31 | . 1 4 3 1 . 3 . 1 . 18 Power 3 | . . . . . . . . . . 3 Propulsion 10 | . 1 . 2 . . . . 1 . 6 Utility 15 | . . 3 1 1 . 3 . . . 7 Weapon 3 | . . 1 . . . . . . . 2 Highest Loss Streak 16 | . 1 3 2 1 . 3 . 1 . 16 To Critical Strikes . | . . . . . . . . . . . Average Backups 21 | 7 13 19 23 24 25 22 18 21 22 23 Power 2 | 1 1 1 2 3 4 3 1 2 2 1 Propulsion 2 | 4 3 3 2 2 3 2 . 2 4 5 Utility 11 | . 7 11 14 14 12 12 11 10 9 10 Weapon 3 | 1 1 2 3 4 5 4 4 5 6 6 Tool/Special . | . . . . . . . . . . . Unused Backups 47 | 5 3 . 3 2 3 4 . 1 4 22 Power 6 | 1 1 . . . 1 1 . . . 2 Propulsion 10 | 2 1 . . . . . . . . 7 Utility 18 | 1 . . 1 2 1 2 . 1 . 10 Weapon 12 | 1 1 . 2 . 1 1 . . 3 3 Tool/Special 1 | . . . . . . . . . 1 . Average Slot Usage (%) 95 | . 100 98 98 100 100 94 87 92 93 71 Engine 7 | . 14 6 4 9 9 7 5 6 5 3 Core 1 | . . 4 4 . . 1 6 6 5 3 Treads 14 | . 14 17 18 18 18 16 6 6 4 4 Wheel 17 | . 13 14 16 18 18 18 20 19 29 20 Device 15 | . 2 14 17 15 18 17 16 20 22 20 Storage 9 | . 14 11 9 9 9 8 6 6 5 5 Protection 8 | . 11 6 9 11 9 7 6 6 5 5 Energy Gun 12 | . 8 . 7 16 17 16 13 13 11 7 Ballistic Gun 5 | . 20 22 10 . . . . . . . Peak Build Rating 69 | 9 21 25 35 40 40 44 57 58 58 69 Average Rating 33 | 6 9 22 29 32 39 38 53 56 57 51 On Entrance 35 | 6 9 21 25 34 40 39 44 57 53 58 Avg Prop Armor Cover (%) 12 | 14 9 12 19 14 14 14 10 9 6 4 Naked Turns 30 | . . . . . . 30 . . . . Heaviest Build 120 | 11 49 89 96 103 100 100 109 109 110 120 Greatest Support 64 | 20 16 40 26 26 22 44 44 52 64 64 Greatest Overweight (x) 26 | . 4 4 5 4 4 4 2 3 1 26 Average Overweight (x) 2 | . 1 2 3 3 4 3 2 2 1 1 Largest Inventory Capacity 25 | 8 20 25 25 25 25 25 25 25 25 25 Average Capacity 22 | 8 14 21 25 25 25 24 25 25 25 25 Most Carried 25 | 8 20 24 25 25 25 25 23 25 25 25 Average Carried 21 | 7 13 19 23 24 24 23 21 23 24 24 Final Capacity 25 | 8 20 25 25 25 25 25 25 25 25 25 Final Carried 25 | 8 20 24 25 25 25 22 22 25 25 25 Scrap Suit Usage (%) 15 | . . . . . . 12 100 100 100 47 Parts Cannibalized 2 | . . . . . . . . . . 2 Class Distribution -------------------- 57% | Scavenger-Mutant 42% | Mutant Dominant Class ---------------- Mutant | -10/Materials Mutant | -9/Materials Scavenger-Mutant | -8/Materials Scavenger-Mutant | -8/Storage Scavenger-Mutant | -8/Recycling Scavenger-Mutant | -8/Scraptown Scavenger-Mutant | -6/Factory Mutant | -6/DSF Scavenger-Mutant | -5/Factory Scavenger-Mutant | -4/Factory Resources | -11 -10 -9 -8 -8 -8 -8 -6 -6 -5 -4 ----------- Run | Yrd Mat Mat Mat Sto Rec Scr Fac DSF Fac Fac Matter Collected 1667 | 254 238 330 163 40 140 247 . 5 61 189 Remotely . | . . . . . . . . . . . Salvage Created 2218 | 90 385 399 180 537 291 . . . . 336 Parts 125 | 5 29 22 16 29 8 . . . . 16 Haulers Intercepted 1 | . 1 . . . . . . . . . Recyclers Shooed 11 | 1 . 3 3 . 3 . . . . 1 Parts Field Recycled . | . . . . . . . . . . . Retrieved Matter . | . . . . . . . . . . . Parts Self-Destructed . | . . . . . . . . . . . Prevented . | . . . . . . . . . . . Parts Restored . | . . . . . . . . . . . Kills | -11 -10 -9 -8 -8 -8 -8 -6 -6 -5 -4 ------- Run | Yrd Mat Mat Mat Sto Rec Scr Fac DSF Fac Fac Combat Hostiles Destroyed 33 | . 11 8 3 7 2 . . . . 2 Guns 31 | . 11 8 1 7 2 . . . . 2 AOE 1 | . . . 1 . . . . . . . Classes Destroyed 11 | 2 4 2 1 1 . . . . . 1 Worker 1 | . . . . . . . . . . 1 Tunneler 1 | 1 . . . . . . . . . . Hauler 1 | . 1 . . . . . . . . . Recycler 7 | 1 . . . 3 2 . . . . 1 Operator 4 | . 1 1 2 . . . . . . . Watcher 1 | . . 1 . . . . . . . . Swarmer 10 | . 6 . . 4 . . . . . . Grunt 15 | . 5 6 2 2 . . . . . . Brawler 2 | . . 2 . . . . . . . . Duelist 1 | . . . . 1 . . . . . . Sentry 6 | . . . 1 1 2 . . . . 2 Best Kill Streak 5 | 1 3 3 4 5 3 . . . . 3 Combat Bots Only 4 | . 3 2 2 4 1 . . . . 2 Max Kills in Single Turn 2 | 1 2 1 1 2 1 . . . . 1 Gunslinging 1 | . 1 . . . . . . . . . Exploded 1 | . . . 1 . . . . . . . Melee . | . . . . . . . . . . . Uniques/NPCs Destroyed . | . . . . . . . . . . . Combat | -11 -10 -9 -8 -8 -8 -8 -6 -6 -5 -4 -------- Run | Yrd Mat Mat Mat Sto Rec Scr Fac DSF Fac Fac Hostile Shots Fired 349 | . 47 35 38 30 14 . . 3 6 176 Missed 75 | . 8 6 8 11 4 . . 1 1 36 Hits 274 | . 39 29 30 19 10 . . 2 5 140 Melee 10 | . . 4 . . . . . . . 6 Projectile 264 | . 39 25 30 19 10 . . 2 5 134 Critical Strikes 20 | . . 3 . 1 . . . 1 . 15 Damage Taken 4699 | . 398 446 468 217 135 . . 108 72 2855 Core 1273 | . 92 81 64 9 25 . . . . 1002 Absorbed by Shields . | . . . . . . . . . . . Redirected to Shielding 27 | . . . 19 8 . . . . . . Ignored by Resistances 24 | . . . . 14 10 . . . . . Regen/Repaired (Parts) 105 | . . . . . . . . . 95 10 Core Remaining (%) 91 | 100 63 91 . . . 93 . 100 100 . Volleys Fired 163 | 6 34 49 26 19 16 . . . . 13 Largest 2 | 2 2 2 2 2 2 . . . . 2 Hottest 111 | 40 60 40 100 111 111 . . . . 110 Shots Fired 324 | 12 68 98 52 36 32 . . . . 26 Gun 322 | 12 68 98 52 34 32 . . . . 26 Cannon . | . . . . . . . . . . . Launcher . | . . . . . . . . . . . Special 2 | . . . . 2 . . . . . . Kinetic 193 | 12 40 98 33 . 10 . . . . . Thermal 59 | . . . 5 6 22 . . . . 26 Explosive . | . . . . . . . . . . . Electromagnetic 72 | . 28 . 14 30 . . . . . . Robot Hit Streak 22 | 5 6 22 10 7 20 . . . . 12 Robot Miss Streak 4 | 3 4 3 3 2 4 . . . . 1 Penetration Max . | . . . . . . . . . . . Secondary Targets 3 | . 2 1 . . . . . . . . Max Gunslinging Chain 1 | . 1 1 . . . . . . . . Shots Hit Robots 219 | 8 36 75 36 19 24 . . . . 21 Core Hits 94 | 3 19 27 12 15 7 . . . . 11 Critical Kills 1 | . . 1 . . . . . . . . Critical Parts Destroyed . | . . . . . . . . . . . Critical Strikes 5 | . . 1 . 2 . . . . . 2 Burn 3 | . . . . 1 . . . . . 2 Destroy 1 | . . 1 . . . . . . . . Corrupt 1 | . . . . 1 . . . . . . Melee Attacks . | . . . . . . . . . . . Impact . | . . . . . . . . . . . Slashing . | . . . . . . . . . . . Piercing . | . . . . . . . . . . . Sneak Attacks . | . . . . . . . . . . . Combat Hostiles . | . . . . . . . . . . . Follow-up Attacks . | . . . . . . . . . . . Damage Inflicted 2973 | 62 451 646 547 388 440 . . . . 439 Guns 2792 | 62 410 646 458 355 440 . . . . 421 Cannons . | . . . . . . . . . . . Explosions 163 | . 41 . 89 33 . . . . . . Melee . | . . . . . . . . . . . Ramming 18 | . . . . . . . . . . 18 Kinetic 1225 | 62 169 646 201 . 147 . . . . . Thermal 987 | . 41 . 148 84 293 . . . . 421 Explosive . | . . . . . . . . . . . Electromagnetic 743 | . 241 . 198 304 . . . . . . Impact . | . . . . . . . . . . . Slashing . | . . . . . . . . . . . Piercing . | . . . . . . . . . . . Highest Corruption 7 | . . 7 . . . . . . . . Average Corruption 6 | . . 6 . . . . . . . . Corruption Purged . | . . . . . . . . . . . Corruption Blocked . | . . . . . . . . . . . Effects 16 | . . 16 . . . . . . . . Message Errors 6 | . . 6 . . . . . . . . Matter Fused 2 | . . 2 . . . . . . . . Heat Flow Errors 5 | . . 5 . . . . . . . . Data Loss (major) 2 | . . 2 . . . . . . . . Weapon Failures 1 | . . 1 . . . . . . . . Overload Shots . | . . . . . . . . . . . Overflow Damage . | . . . . . . . . . . . Projectiles . | . . . . . . . . . . . Explosions . | . . . . . . . . . . . Melee . | . . . . . . . . . . . Knockbacks . | . . . . . . . . . . . Impact . | . . . . . . . . . . . Kinetic . | . . . . . . . . . . . Secondary . | . . . . . . . . . . . Self-Inflicted Damage 9 | . . . . 9 . . . . . . Shots 1 | . . . . 1 . . . . . . Rammed 11 | . . . . . . . . . . 11 Targets Rammed 11 | . . . . . . . . . . 11 Kicked . | . . . . . . . . . . . Crushed . | . . . . . . . . . . . Highest Temperature 240 | . 157 240 123 214 189 . . . . 194 Average Temperature 66 | . 44 82 30 58 124 . . . . 100 Received Heat Transfer 1288 | . 135 153 234 81 45 . . . . 640 Siege Activations . | . . . . . . . . . . . Martial Activations . | . . . . . . . . . . . Shielding Activations . | . . . . . . . . . . . Robots Disrupted . | . . . . . . . . . . . Combat Hostiles . | . . . . . . . . . . . Robots Corrupted 1 | . . . 1 . . . . . . . Combat Hostiles 1 | . . . 1 . . . . . . . Parts Fried 2 | . . . . 2 . . . . . . Impact Corruptions . | . . . . . . . . . . . Robots Melted . | . . . . . . . . . . . Combat Hostiles . | . . . . . . . . . . . Parts Melted 4 | . . . . . 2 . . . . 2 Heat Transferred 2013 | . 50 . 211 235 555 . . . . 962 Parts Sabotaged . | . . . . . . . . . . . Parts Stolen . | . . . . . . . . . . . Parts Stripped . | . . . . . . . . . . . Power Chain Reactions 3 | . 1 . 1 1 . . . . . . Alert | -11 -10 -9 -8 -8 -8 -8 -6 -6 -5 -4 ------- Run | Yrd Mat Mat Mat Sto Rec Scr Fac DSF Fac Fac Maximum Alert Level . | . . . . . . . . . . . Low Security (%) 100 | 100 100 100 100 100 100 . 100 100 100 100 Level 1 . | . . . . . . . . . . . Level 2 . | . . . . . . . . . . . Level 3 . | . . . . . . . . . . . Level 4 . | . . . . . . . . . . . Level 5 . | . . . . . . . . . . . High Security . | . . . . . . . . . . . Max Security . | . . . . . . . . . . . Peak Influence 135 | 5 135 117 109 114 56 . . 15 7 45 Initial 38 | . . 20 34 38 36 . . 3 7 . Average 35 | . 59 50 60 66 8 . . 2 . 7 Influence Increases 1410 | 10 362 352 271 196 69 . 5 15 . 130 Destroy 0b10 Robot/C 840 | . 220 220 180 140 40 . . . . 40 Destroy 0b10 Robot/NC 90 | 10 10 20 15 15 10 . . . . 10 Destroy Leader 200 | . 42 56 62 20 . . . . . 20 Allied During Kill 42 | . . 26 14 2 . . . . . . Successful Hack 50 | . 26 . . . 19 . 5 . . . Disable Machine 30 | . 15 . . 15 . . . . . . Destroy Structure 8 | . 4 . . 4 . . . . . . Partial Spotted 15 | . . 15 . . . . . . . . Lose Combat Pursuer 135 | . 45 15 . . . . . 15 . 60 Influence Decreases 1375 | 10 314 318 262 193 163 . . 5 15 95 Entered New Map 197 | . . 28 48 53 58 . . 2 8 . Time Decay 1031 | 10 304 250 170 130 105 . . . 7 55 Lost Part 127 | . 10 40 24 10 . . . 3 . 40 Lost Ally 20 | . . . 20 . . . . . . . Squads Dispatched 8 | . 1 2 2 1 . . . . 1 1 Investigation 2 | . . 1 . . . . . . . 1 Extermination 1 | . . . . . . . . . 1 . Reinforcement 5 | . 1 1 2 1 . . . . . . Assault . | . . . . . . . . . . . Garrison . | . . . . . . . . . . . Intercept . | . . . . . . . . . . . Searches Triggered . | . . . . . . . . . . . Construction Impeded . | . . . . . . . . . . . Haulers Reinforced . | . . . . . . . . . . . Active Scanning Responses . | . . . . . . . . . . . Cargo Convoy Interrupts . | . . . . . . . . . . . Stealth | -11 -10 -9 -8 -8 -8 -8 -6 -6 -5 -4 --------- Run | Yrd Mat Mat Mat Sto Rec Scr Fac DSF Fac Fac Distress Signals 12 | . 3 5 2 . . . . . . 2 Communications Jammed . | . . . . . . . . . . . Distress Signals . | . . . . . . . . . . . Times Spotted 98 | . 19 27 12 8 2 . . 1 6 23 Peak Tracking Total 10 | . 3 7 5 4 1 . . 1 6 10 Tactical Retreats 6 | . 2 1 . . . . . 1 . 2 Traps | -11 -10 -9 -8 -8 -8 -8 -6 -6 -5 -4 ------- Run | Yrd Mat Mat Mat Sto Rec Scr Fac DSF Fac Fac Traps Triggered 2 | . . 1 . . . . . . . 1 Indirectly . | . . . . . . . . . . . Trap Hack Attempts . | . . . . . . . . . . . Triggered . | . . . . . . . . . . . Disarmed . | . . . . . . . . . . . Reprogrammed . | . . . . . . . . . . . Reused . | . . . . . . . . . . . Traps Extracted . | . . . . . . . . . . . Installed . | . . . . . . . . . . . Triggered . | . . . . . . . . . . . Machines | -11 -10 -9 -8 -8 -8 -8 -6 -6 -5 -4 ---------- Run | Yrd Mat Mat Mat Sto Rec Scr Fac DSF Fac Fac Machines Disabled 2 | . 1 . . 1 . . . . . . Max in Single Turn 1 | . 1 . . 1 . . . . . . Machines Repaired . | . . . . . . . . . . . Machines Dismantled . | . . . . . . . . . . . Machines Sabotaged . | . . . . . . . . . . . Overloaded Fab Kills . | . . . . . . . . . . . Hacking | -11 -10 -9 -8 -8 -8 -8 -6 -6 -5 -4 --------- Run | Yrd Mat Mat Mat Sto Rec Scr Fac DSF Fac Fac Machines Accessed 29 | . 7 3 . 1 6 7 1 . 3 1 Terminals 18 | . 7 2 . 1 4 . 1 . 2 1 Fabricators . | . . . . . . . . . . . Repair Stations 1 | . . . . . . . . . 1 . Recycling Units . | . . . . . . . . . . . Scanalyzers 1 | . . 1 . . . . . . . . Garrison Access . | . . . . . . . . . . . Total Hacks 135 | . 17 9 . 2 38 62 1 . 5 1 Successful 113 | . 10 6 . . 31 62 1 . 3 . Failed 22 | . 7 3 . 2 7 . . . 2 1 Catastrophic 4 | . 2 . . . 1 . . . . 1 Database Lockouts . | . . . . . . . . . . . Manual 30 | . 13 3 . 3 9 . . . 1 1 Terminals 40 | . 17 3 . 2 13 . 1 . 3 1 Fabricators . | . . . . . . . . . . . Repair Stations 2 | . . . . . . . . . 2 . Recycling Units . | . . . . . . . . . . . Scanalyzers 6 | . . 6 . . . . . . . . Garrison Access . | . . . . . . . . . . . Terminal Hacks 100 | . 6 1 . . 29 62 1 . 1 . Record 86 | . . . . . 24 62 . . . . Part Schematic 1 | . . . . . 1 . . . . . Robot Analysis 5 | . 3 1 . . 1 . . . . . Open DSF 2 | . . . . . . . 1 . 1 . Branch Access Points 1 | . . . . . 1 . . . . . Terminal Index 1 | . . . . . 1 . . . . . Locate Traps 3 | . 3 . . . . . . . . . Release Object 1 | . . . . . 1 . . . . . Fabricator Hacks . | . . . . . . . . . . . Repair Station Hacks 2 | . . . . . . . . . 2 . Scan Component 1 | . . . . . . . . . 1 . Repair 1 | . . . . . . . . . 1 . Recycling Unit Hacks . | . . . . . . . . . . . Scanalyzer 4 | . . 4 . . . . . . . . Insert Component 1 | . . 1 . . . . . . . . Analyze 1 | . . 1 . . . . . . . . Retrieve Study 2 | . . 2 . . . . . . . . Garrison Access Hacks . | . . . . . . . . . . . Unauthorized Hacks 7 | . 4 1 . . 2 . . . . . Terminals 7 | . 4 1 . . 2 . . . . . Botnet 7 | . 4 1 . . 2 . . . . . Fabricators . | . . . . . . . . . . . Repair Stations . | . . . . . . . . . . . Recycling Units . | . . . . . . . . . . . Scanalyzers . | . . . . . . . . . . . Garrison Access . | . . . . . . . . . . . Data Cores Recovered . | . . . . . . . . . . . Used . | . . . . . . . . . . . Hacking Detections 13 | . 4 2 . 2 2 . . . 2 1 Full Trace Events 1 | . 1 . . . . . . . . . Feedback Events . | . . . . . . . . . . . Feedback Blocked . | . . . . . . . . . . . Robot Schematics Acquired . | . . . . . . . . . . . Robots Built . | . . . . . . . . . . . Authchips . | . . . . . . . . . . . Time . | . . . . . . . . . . . Total Robot Build Rating . | . . . . . . . . . . . Part Schematics Acquired 2 | . . 1 . . 1 . . . . . Parts Built . | . . . . . . . . . . . Authchips . | . . . . . . . . . . . Time . | . . . . . . . . . . . Total Part Build Rating . | . . . . . . . . . . . Part Studies Acquired 2 | . . 2 . . . . . . . . Parts Repaired 1 | . . . . . . . . . 1 . Time 26 | . . . . . . . . . 26 . Parts Recycled . | . . . . . . . . . . . Recycled Matter . | . . . . . . . . . . . Retrieved Matter . | . . . . . . . . . . . Retrieved Components . | . . . . . . . . . . . Parts Scanalyzed 1 | . . 1 . . . . . . . . Part Schematics Acquired 1 | . . 1 . . . . . . . . Parts Damaged . | . . . . . . . . . . . Bothacking | -11 -10 -9 -8 -8 -8 -8 -6 -6 -5 -4 ------------ Run | Yrd Mat Mat Mat Sto Rec Scr Fac DSF Fac Fac Used RIF Installer . | . . . . . . . . . . . Robots Hacked . | . . . . . . . . . . . Non-combat . | . . . . . . . . . . . Combat . | . . . . . . . . . . . Robot Hacks Applied . | . . . . . . . . . . . Relay Couplers Released . | . . . . . . . . . . . Fabnet Peak Effective % . | . . . . . . . . . . . Robots Rewired . | . . . . . . . . . . . Allies Hacked . | . . . . . . . . . . . Hacks Repelled . | . . . . . . . . . . . Allies | -11 -10 -9 -8 -8 -8 -8 -6 -6 -5 -4 -------- Run | Yrd Mat Mat Mat Sto Rec Scr Fac DSF Fac Fac Total Allies 5 | . . 3 . . . 1 . . 1 . Largest Group 3 | . . 3 3 1 . . . . 1 . Highest-Rated Group 54 | . . 54 54 18 . . . . 35 . Highest-Rated Ally 35 | . . 18 18 18 . . . . 35 . Initial UFD Resources 32 | . . . . . . . 24 24 28 32 Total Orders . | . . . . . . . . . . . Ally Attacks 39 | . . 18 19 2 . . . . . . Total Damage 859 | . . 327 532 . . . . . . . Kills 12 | . . 5 7 . . . . . . . Allies Corrupted . | . . . . . . . . . . . Allies Melted . | . . . . . . . . . . . X0-1V1 Amusement Gains 89 | . 4 10 10 . . . . 5 . 60 Good Acts 14 | . . 2 1 1 3 . . . . 7 Bad Acts 10 | . . 3 3 . 1 . . 1 . 2 Intel | -11 -10 -9 -8 -8 -8 -8 -6 -6 -5 -4 ------- Run | Yrd Mat Mat Mat Sto Rec Scr Fac DSF Fac Fac Active Infowar (turns) 3902 | 36 61 249 377 261 599 1713 57 60 291 198 Sensors 3061 | . . 249 239 261 599 1713 . . . . Terrain 226 | 1 61 . 164 . . . . . . . Traps 606 | . . . . . . . 57 60 291 198 Seismic 35 | 35 . . . . . . . . . . Robot Analysis Total 5 | . 3 1 . . 1 . . . . . Derelict Logs Recovered . | . . . . . . . . . . . Drone Launches . | . . . . . . . . . . . Drone Recoveries . | . . . . . . . . . . . Exploration | -11 -10 -9 -8 -8 -8 -8 -6 -6 -5 -4 ------------- Run | Yrd Mat Mat Mat Sto Rec Scr Fac DSF Fac Fac Turns Passed 5507 | 56 757 592 378 261 599 2088 123 60 291 302 Spaces Moved 3640 | 30 519 265 208 144 387 1542 97 40 271 137 Core 73 | . . . . . . 71 . . . 2 Treads 58 | . . 57 . . . . . . . 1 Legs 1 | 1 . . . . . . . . . . Wheels 3508 | 29 519 208 208 144 387 1471 97 40 271 134 Hover . | . . . . . . . . . . . Flight . | . . . . . . . . . . . Fastest Speed 50 | 100 100 125 125 125 140 50 120 110 97 97 Average Speed 128 | 100 117 152 126 125 140 132 120 120 97 120 Slowest Speed 1350 | 120 140 240 165 140 140 140 120 135 97 1350 Overloaded Moves . | . . . . . . . . . . . Propulsion Burnouts . | . . . . . . . . . . . Robots Hopped . | . . . . . . . . . . . Potential Cave-ins . | . . . . . . . . . . . Cave-ins Triggered . | . . . . . . . . . . . Exploration Rate (%) 34 | 2 92 29 18 24 77 82 3 41 8 6 Regions Visited 10 Branch Regions 3 Pre-discovered Areas 5 | . . . . . . 5 . . . . Known Exits Taken 2 | . . . . . . 1 1 . . . Unknown Exits Taken 7 | 1 1 1 1 1 1 . . . 1 . Scrap Searched 6 | . . . . . . 6 . . . . Spaces Dug . | . . . . . . . . . . . Terrain Destroyed 7 | . 3 . . 4 . . . . . . Melee . | . . . . . . . . . . . Projectile . | . . . . . . . . . . . AOE 7 | . 3 . . 4 . . . . . . Terrain Rammed . | . . . . . . . . . . . Walls Destroyed . | . . . . . . . . . . . Machines Disabled . | . . . . . . . . . . . Actions | -11 -10 -9 -8 -8 -8 -8 -6 -6 -5 -4 --------- Run | Yrd Mat Mat Mat Sto Rec Scr Fac DSF Fac Fac Total 4136 | 44 605 369 279 185 420 1591 103 52 302 186 Wait 91 | . 18 33 11 . 2 1 . . 14 12 Move 3630 | 29 518 264 207 143 386 1541 96 39 270 137 Hop . | . . . . . . . . . . . Pick Up 102 | 3 17 8 11 6 5 29 3 7 8 5 Fast Attach 16 | 1 1 1 1 . 1 6 1 2 1 1 Attach 26 | . 1 7 5 1 . 4 3 . 2 3 Detach 2 | . . 1 1 . . . . . . . Swap 40 | 4 8 5 8 10 2 1 . 1 . 1 Drop 55 | 1 8 1 9 6 8 9 . 3 7 3 Fire 163 | 6 34 49 26 19 16 . . . . 13 Melee . | . . . . . . . . . . . Ram 2 | . . . . . . . . . . 2 Kick . | . . . . . . . . . . . Crush 9 | . . . . . . . . . . 9 Escape Stasis . | . . . . . . . . . . . Rewire . | . . . . . . . . . . . Trap . | . . . . . . . . . . . Miscellaneous . | . . . . . . . . . . . Route ------- -11/Scrapyard -10/Materials (discovered 6 exits: *Mat x3 / [*Min x2] / [*Sub]) -9/Materials (discovered 2 exits: [*Mat] / [*Min]) -8/Materials -8/Storage -8/Recycling (discovered 2 exits: Fac / *Scr) -8/Scraptown (discovered 2 exits: *Fac x2) -6/Factory (discovered 2 exits: Ext / DSF) -6/DSF -5/Factory -4/Factory (discovered 1 exit: *Res) History --------- Turn | Location | Event 1 | -11/Scrapyard | Discovered new exit (range 3) 57 | -11/Scrapyard | Entered Materials 243 | -10/Materials | Discovered new exit (range 11) 306 | -10/Materials | Build established: Mutant 351 | -10/Materials | Discovered new exit (range 15) 516 | -10/Materials | Discovered new exit (range 16) 566 | -10/Materials | Discovered new exit (range 8) 739 | -10/Materials | Discovered new exit (range 9) 750 | -10/Materials | Prayed at D.C.S.S. Altar Unit 787 | -10/Materials | Discovered new exit (range 16) 814 | -10/Materials | Entered another Materials area 814 | -9/Materials | Evolved 2 slots: Propulsion x1, Utility x1 944 | -9/Materials | Lost 3 parts (2u1w) 956 | -9/Materials | Melee accuracy permanently improved by X0-1V1 (+5%; -50 max core) 1014 | -9/Materials | Discovered new exit (range 8) 1105 | -9/Materials | X0-1V1 sent you to a vault 1379 | -9/Materials | Discovered new exit (range 13) 1406 | -9/Materials | Entered another Materials area 1406 | -8/Materials | Accompanied by 3 allies 1406 | -8/Materials | Evolved 2 slots: Propulsion x1, Utility x1 1408 | -8/Materials | Discovered new exit (range 15) 1481 | -8/Materials | X0-1V1 announced a LAN party 1608 | -8/Materials | X0-1V1 vaporized surrounding terrain (radius 16) 1784 | -8/Materials | Entered Storage 1784 | -8/Storage | Accompanied by 1 ally 1895 | -8/Storage | Build established: Scavenger-Mutant 2028 | -8/Storage | Used back door to open Recycling access 2028 | -8/Storage | Discovered new exit (range 5) 2045 | -8/Storage | Entered Recycling 2266 | -8/Recycling | Build established: Mutant 2279 | -8/Recycling | EX resistance permanently improved by X0-1V1 (+10%; -100 max core) 2383 | -8/Recycling | Identified exit to Factory 2383 | -8/Recycling | X0-1V1 revealed exit location to -6/Factory 2598 | -8/Recycling | Scanned before Scraplab entrance 2623 | -8/Recycling | Entered Scraplab 2636 | -8/Recycling | Build established: Scavenger-Mutant 2643 | -8/Recycling | Discovered new exit (range 2) 2644 | -8/Recycling | Entered Scraptown 2934 | -8/Scraptown | Discovered exit to Factory (range 5) 3042 | -8/Scraptown | Visited Cave Peace 3081 | -8/Scraptown | Visited Bundlers 3180 | -8/Scraptown | Visited UFD Registry 3180 | -8/Scraptown | Registered with UFD as "Flashlauncher" 3441 | -8/Scraptown | Heard Great Nut preacher, LISTEN AND RECITE! 3495 | -8/Scraptown | Visited Chapter 10 3765 | -8/Scraptown | Visited Botcube Research 3776 | -8/Scraptown | Botcube activated 3787 | -8/Scraptown | Found Botcube 3826 | -8/Scraptown | Visited Derelict Rescue Squad 3835 | -8/Scraptown | Found DRS Beacon 3861 | -8/Scraptown | Visited Scrap Suit Storage 3868 | -8/Scraptown | Found Scrap Suit 3905 | -8/Scraptown | Visited Cartography Club 4070 | -8/Scraptown | Discovered exit to Factory (range 3) 4183 | -8/Scraptown | Visited Observation Area 4244 | -8/Scraptown | Visited DA-N13 Charitable Foundation 4284 | -8/Scraptown | Visited Scrapoid Research Area 4357 | -8/Scraptown | Released all parts (11) 4382 | -8/Scraptown | Learned location of Proximity Caves (-6) 4382 | -8/Scraptown | Learned location of Warlord (-5) 4382 | -8/Scraptown | Learned location of Archives (-6) 4382 | -8/Scraptown | Learned location of Quarantine (-3) 4382 | -8/Scraptown | Learned 8 Research zone layouts 4382 | -8/Scraptown | Learned 12 Research zone layouts 4382 | -8/Scraptown | Learned 8 Lower Caves zone layouts 4382 | -8/Scraptown | Learned 16 Upper Caves zone layouts 4382 | -8/Scraptown | Learned 12 Proximity Caves zone layouts 4382 | -8/Scraptown | Learned location of 1 exit from Research 4382 | -8/Scraptown | Learned Storage emergency access door positions 4382 | -8/Scraptown | Learned location of 2 exits from Research 4382 | -8/Scraptown | Learned location of 3 exits from Lower Caves 4388 | -8/Scraptown | Lost 3 parts (3u) 4499 | -8/Scraptown | Found Scrap Suit 4646 | -8/Scraptown | Met Optimus 4646 | -8/Scraptown | Accepted into 0bPrime 4658 | -8/Scraptown | Build established: Mutant 4732 | -8/Scraptown | Entered Factory 4732 | -6/Factory | Evolved 4 slots: Power x1, Propulsion x1, Utility x2 4733 | -6/Factory | Identified exit to Extension 4855 | -6/Factory | Identified exit to DSF 4855 | -6/Factory | Entered DSF 4886 | -6/DSF | Discovered new exit (range 15) 4901 | -6/DSF | Additional patrols routed to DSF 4915 | -6/DSF | Entered Factory 4915 | -5/Factory | Evolved 2 slots: Propulsion x1, Utility x1 4960 | -5/Factory | Repaired Lgt. Treads? 5134 | -5/Factory | Botcube activated 5138 | -5/Factory | Botcube completed mutation into hovering form (unarmed) 5200 | -5/Factory | Discovered new exit (range 8) 5206 | -5/Factory | Entered another Factory area 5206 | -4/Factory | Evolved 2 slots: Utility x2 5207 | -4/Factory | Identified exit to Research 5265 | -4/Factory | Build established: Scavenger-Mutant 5470 | -4/Factory | Weapon slot count temporarily expanded by X0-1V1 (+1) 5479 | -4/Factory | Core integrity fell below 50% 5480 | -4/Factory | X0-1V1 downgraded hostiles (x2) 5496 | -4/Factory | Lost 16 parts (2p6n6u2w) 5500 | -4/Factory | Core integrity fell below 20% 5508 | -4/Factory | Destroyed by G-67 Veteran with Field Laser Last Messages --------------- 05473_ X0-1V1: "One less obstacle for my toy on its journey to the highest levels of glorious entertainment." 05478_ Penetrated by Slug. 05480_ X0-1V1: "We can take them down a peg or two." H-77 Assassin reshaped into weaker Hunter. G-67 Veteran reshaped into weaker Grunt. 05480_ Slug penetrates Wall. 05480_ Penetrated by Slug. 05487_ R-10 Processor collects Welding Torch. 05489_ K-01 Serf destroyed. 05491_ R-10 Processor collects Adv. Heat Sink. 05492_ U-05 Engineer builds a Door. 05492_ Slug penetrates U-05 Engineer. 05496_ Penetrated by Slug. X0-1V1's Piety Tracker suddenly appears amidst shimmering waves of color. 05504_ R-10 Processor collects Structural Scanner. 05506_ Penetrated by Slug. 05506_ Slug penetrates Wall. 05507_ R-10 Processor collects Wheel+. 05508_ X0-1V1 chuckles heartily! Map ----- +----------------------------------------------------+ | ?????????????????????????????????????????????????? | | ?????????????????????????????????????????????????? | | ?????????????????????????????????????????????????? | | ?????????????????????????????????????????????????? | | ?????????????????????????????????????????????????? | | ?????????????????????????????????????????????????? | | ????????????????????????????#########????????????? | | ????????????????????????????# ????????????? | | ????????????????????????????# ????????????? | | ????????????????????????????# """???????????? | | ????????????????????????????# """"??????????? | | ????????????????????????????# """ ??????????? | | ????????????????????????????# ??????????? | | ????????????????????????????# """"??????????? | | ????????????????????????????# """"" #???????? | | ????????????????????????????# """ #???????? | | ????????????????????????????# #???????? | | ????????????????????????????# #???????? | | ????????????????????????????# #???????? | | ????????????????????????????##/#########?????????? | | ?????????????????????????????# #?????????????????? | | ?????????????????????????????#%#?????????????????? | | ?????????????????????#########%#?????????????????? | | ?????????????????????# !##"%#?????????????????? | | ?????????????????????# R###%#??????? ???????? | | ?????????????????????#h <@%g%%%#?????? ??????? | | ?????????????? uu %ul### #????? ?????? | | ??????????? " ###### ! #?# #???? ?????? | | ?????????????????????###g###?# #???? ??????? | | ?????????????????????? ????# #??? #????????? | | ?????????????????????""""??###%#### #????????? | | ????????????????????"""""??# #????????? | | ??????????????????? """""??# #????????? | | ?????????????????????""""??# #????????? | | ???????????????????????????# #????????? | | ???????????????????????????# #????????? | | ???????????????????????????# ########????????? | | ???????????????????????????# # ?????????????? | | ???????????????????????????# # ??????????????? | | ???????????????????????????+ +???????????????? | | ???????????????????????????# #???????????????? | | ???????????????????????????# % #???????????????? | | ???????????????????????????# #???????????????? | | ???????????????????????????# #???????????????? | | ???????????????????????????# #???????????????? | | ???????????????????????????# #???????????????? | | ???????????????????????????# #???????????????? | | ???????????????????????????# #???????????????? | | ???????????????????????????# #???????????????? | | ?????????????????????????### ###?????????????? | +----------------------------------------------------+ Best States ------------- Heat Dissipation 65 Coolant Potential 50 Energy Generation 23 Energy Capacity 310 Matter Stores 300 Matter Capacity 300 Sight Range 18 Robot Scan Range 15 Terrain Scan Range 16 Terrain Scan Density 10 Armor Coverage 375 Resistance: TH 10 Resistance: EX 10 Weapon Shielding 33 Evasion (%) 50 Recoil Reduction 3 Item Schematics ----------------- Lrg. Storage Unit | -9/Materials | Scanalyzed Nuclear Core | -8/Recycling | Hacked Robot Schematics ------------------ None Fabricated ------------ Nothing Repaired ---------- Lgt. Treads | 32% | -5/Factory Studied --------- Wheel | -9/Materials | Hacked Com. Wheel | -9/Materials | Hacked Alien Tech Used ----------------- None Achievements -------------- Civilization 2243 Frankenstein I Have A Map? Link The Feds You May Approach The Wall Challenges ------------ None Game ------ Seed ShrapnelGatlingStick Manual? 0 Play Time 02:16:13 Cumulative 214.3 hours Start 2026.07.22 @ 18:41:22 End 2026.07.22 @ 21:53:02 Sessions 1 Manual Loads 0 Difficulty Rogue Special Mode None Game No. 106 Rogue 106 Adventurer 0 Explorer 0 Win Type - Total 5 Types 5/0/0/0/0/0/0/0/0/0 Lore% 42 Gallery% 47 Achievement% 30 Wizard Run 0 Options --------- Layout 0 ASCII 0 Keyboard 0 Movement Mouse Keybinds 0 Fullscreen 1 Font 18/SmallcapsGlow Map View 76x50 Zoom Use 0% Tactical HUD 1 Map Filters NONE Filters NONE Steam 1 RUN: 3c563341-4d26-4142-a80a-655c40944944